 Dungeon Crawl Stone Soup version 0.25.0-1-g7eea58d2a3 (webtiles) character file.

Game seed: 6513495443776471322

31 inmateoo the Insei (level 3, 0/23 HPs)
             Began as an Octopode Transmuter on June 13, 2020.
             Succumbed to an adder's poison
             ... on level 2 of the Dungeon.
             The game lasted 00:01:43 (1496 turns).

inmateoo the Insei (Octopode Transmuter)            Turns: 1496, Time: 00:01:44

Health: 0/23       AC:  1    Str:  9    XL:     3   Next: 22%
Magic:  6/6        EV: 13    Int: 16    God:
Gold:   51         SH:  0    Dex: 12    Spells: 3/6 levels left

rFire    . . .     SeeInvis .   g - +0 dagger (protect)
rCold    . . .     Gourm    .   (no shield)
rNeg     . . .     Faith    .   (helmet restricted)
rPois    .         Spirit   .   (no amulet)
rElec    .         Reflect  .   f - ring of resist corrosion
rCorr    +         Harm     .   (no ring)
MR       .....                  (no ring)
Stlth    ++........             (no ring)
HPRegen  0.07/turn              (no ring)
MPRegen  0.10/turn              (no ring)
                                (no ring)
                                (no ring)

@: lethally poisoned (0 -> -11), very slightly contaminated
A: almost no armour, stealthy swim, amphibious, 8 rings, constrict 8, camouflage
1, gelatinous body 1
a: no special abilities


You were on level 2 of the Dungeon.
You were hungry.

You visited 1 branch of the dungeon, and saw 2 of its levels.

You collected 51 gold pieces.

Inventory:

Hand Weapons
 g - a +0 dagger of protection (weapon)
Missiles
 a - 12 arrows
Jewellery
 f - a ring of resist corrosion (left tentacle)
Scrolls
 b - a scroll of teleportation
Comestibles
 c - 3 rations


   Skills:
 + Level 1.4 Fighting
 + Level 2.3 Dodging
 * Level 3.4 Unarmed Combat
 + Level 2.2 Spellcasting
 + Level 2.3 Transmutations


You had 3 spell levels left.
You knew the following spells:

 Your Spells              Type           Power        Failure   Level  Hunger
a - Beastly Appendage     Tmut           #.....       8%          1    #......
b - Sticks to Snakes      Tmut           #.......     12%         2    ###....

Your spell library contained the following spells:

 Spells                   Type           Power        Failure   Level  Hunger
 Spider Form              Tmut/Pois      #.........   36%         3    ###....
 Ice Form                 Ice/Tmut       #.......     77%         4    #####..
 Blade Hands              Tmut           #.........   91%         5    ######.


Dungeon Overview and Level Annotations

Branches:
Dungeon (2/15)

Altars:


Innate Abilities, Weirdness & Mutations

You cannot wear most types of armour.
You are very stealthy in the water. (Stealth+)
You are amphibious.
You can wear up to eight rings at the same time.
You can use your tentacles to constrict eight enemies at once.
Your skin changes colour to match your surroundings (Stealth+).
Your rubbery body absorbs attacks. (AC +1, EV +1)


Message History

As you read the scroll labeled IJYEFO DUNUSS, it crumbles to dust.
The scroll dissolves into smoke.
It was a scroll of fog.
Your surroundings suddenly seem different.
You lose your grip on something.
* * * LOW HITPOINT WARNING * * *
You feel sick.
Unknown command.
Unknown command.
As you read the scroll labeled YCVOJU LUMUI, it crumbles to dust.
Your nose twitches suddenly!
It was a scroll of random uselessness.
* * * LOW HITPOINT WARNING * * *
You feel sick.
Unknown command.
* * * LOW HITPOINT WARNING * * *
You feel sick.
* * * LOW HITPOINT WARNING * * *
You feel sick.
* * * LOW HITPOINT WARNING * * *
You feel sick.
You die...

# #.
#####.# ..
#.....#
#.##.#####
#..@.#
######


There were no monsters in sight!

Vanquished Creatures
  3 bats (D:1)
  3 giant cockroaches (D:1)
  9 hobgoblins
  3 kobolds (D:1)
  A frilled lizard (D:1)
  3 goblins (D:1)
  4 rats (D:1)
26 creatures vanquished.

Notes
Turn   | Place    | Note
-------+----------+-------------------------------------------
     0 | D:1      | inmateoo the Octopode Transmuter began the quest for the
                  | Orb.
     0 | D:1      | Reached XP level 1. HP: 13/13 MP: 3/3
   320 | D:1      | Reached XP level 2. HP: 5/18 MP: 3/5
   921 | D:1      | Learned a level 2 spell: Sticks to Snakes
  1063 | D:1      | Reached XP level 3. HP: 23/23 MP: 6/6
  1495 | D:2      | HP: 1/23 [poisoned by an adder]
  1496 | D:2      | Succumbed to an adder's poison

Illustrated notes

Levels and vault maps discovered:
D:1:      minmay_arrival_jagged, layout_loops_ring
D:2:      layout_basic

Action                   || total
-------------------------++-------
Melee: Unarmed           ||    22
       Kick              ||     3
       Constrict         ||    16
       Tentacles         ||    11
       Dagger            ||    47
 Cast: Beastly Appendage ||     3
  Use: Scroll            ||     4
 Stab: Sleeping          ||     7
  Eat: Chunk             ||     1
Armor: Skin              ||    16
Dodge: Dodged            ||    37
